 Dungeon Crawl Stone Soup version 0.21-a0-185-g3a6ed1e (webtiles) character file.

19541 Lavandula the Severer (level 13, -5/83 HPs)
             Began as a Formicid Artificer on Aug 12, 2017.
             Was an Elder of Hepliaklqana.
             Slain by an ettin
             ... wielding a +0 dire flail
              (33 damage)
             ... on level 2 of the Orcish Mines.
             The game lasted 01:08:52 (7546 turns).

Lavandula the Severer (Formicid Artificer)          Turns: 7546, Time: 01:08:53

Health: -5/83      AC:  7    Str: 17    XL:     13   Next: 5%
Magic:  14/20      EV: 13    Int: 11    God:    Hepliaklqana [****..]
Gold:   252        SH:  0    Dex: 14    Spells: 8/21 levels left

rFire    + . .     SeeInvis +   l - +5 battleaxe (distort)
rCold    . . .     Gourm    .   (no shield)
rNeg     . . .     Faith    .   B - +1 ring mail {rF+}
rPois    .         Spirit   .   (helmet unavailable)
rElec    .         Reflect  .   (no cloak)
rCorr    .         Harm     .   k - +0 pair of gloves
MR       +....                  (no boots)
Stlth    +.........             (no amulet)
HPRegen  0.23/turn              N - +2 ring of strength
MPRegen  0.17/turn              w - ring of wizardry

@: no status effects
A: permanent stasis, dig shafts and tunnels, four strong arms, reduced essence,
antennae 3, weak 2, sturdy frame 1
a: Dig, Shaft Self, Recall Ancestor, Ancestor Identity, Transference, Idealise,
Renounce Religion


You were on level 2 of the Orcish Mines.
You worshipped Hepliaklqana.
Hepliaklqana was greatly pleased with you.
You were hungry.

You visited 3 branches of the dungeon, and saw 14 of its levels.
You also visited: Sewer and Bailey.

You collected 1227 gold pieces.
You spent 975 gold pieces at shops.

Inventory:

Hand Weapons
 j - a +0 hand axe
 l - a +5 battleaxe of distortion (weapon)
 z - a +0 war axe
 D - a +4 short sword
 F - a +0 dagger of flaming
 H - a -2 hand axe
Armour
 a - a +0 leather armour
 b - a +0 leather armour
 k - a +0 pair of gloves (worn)
 p - a +0 troll leather armour
 v - a +2 robe of magic resistance
 B - a +1 ring mail of fire resistance (worn)
 R - a +1 robe of magic resistance
 T - a +0 leather armour of cold resistance
Jewellery
 t - an uncursed ring of protection from magic
 w - a ring of wizardry (right hand)
 J - an uncursed ring of protection from cold
 N - a +2 ring of strength (left hand)
Wands
 c - a wand of flame (4/48)
 d - a wand of enslavement (3/24)
 e - a wand of random effects (5/48)
 g - a wand of enslavement (3/24)
 K - a wand of iceblast (7/15)
Scrolls
 m - a scroll of vulnerability {unknown}
 n - a scroll of enchant armour {unknown}
 o - a scroll of holy word {unknown}
 q - 2 scrolls of fear
 s - 3 scrolls of fog
 u - a scroll of immolation
 A - 3 scrolls of magic mapping
 E - 2 scrolls of recharging {unknown}
 O - a scroll of noise {unknown}
Potions
 i - a potion of ambrosia {unknown}
 C - 2 potions of flight
 L - a potion of cancellation {unknown}
 P - a potion of brilliance
 Q - a potion of lignification
Books
 I - a book of Necromancy

   Spells                             Type                      Level
   a - Pain                           Necromancy                   1
   b - Animate Skeleton               Necromancy                   1
   c - Vampiric Draining              Necromancy                   3
   d - Regeneration                   Charms/Necromancy            3
   e - Animate Dead                   Necromancy                   4
   f - Control Undead                 Necromancy                   4
 M - a book of Minor Magic

   Spells                             Type                      Level
   a - Magic Dart                     Conjuration                  1
   b - Blink                          Translocation                2
   c - Call Imp                       Summoning                    2
   d - Slow                           Hexes                        2
   e - Conjure Flame                  Conjuration/Fire             3
   f - Mephitic Cloud                 Conjuration/Poison/Air       3
Comestibles
 f - 4 bread rations
 h - 3 fruits
 r - 3 meat rations
 x - 2 royal jellies


   Skills:
 - Level 6.2 Fighting
 - Level 1.8 Short Blades
 + Level 16.1 Axes
 - Level 1.6 Throwing
 - Level 4.3 Dodging
 - Level 1.2 Stealth
 - Level 4.6 Spellcasting
 - Level 2.5 Conjurations
 - Level 3.3 Charms
 - Level 5.0 Necromancy
 - Level 3.4 Evocations


You had 8 spell levels left.
You knew the following spells:

 Your Spells              Type           Power        Failure   Level  Hunger
a - Regeneration          Chrm/Necr      ##........   6%          3    ###....
b - Mephitic Cloud        Conj/Pois/Air  #.......     26%         3    ###....
c - Conjure Flame         Conj/Fire      #.......     21%         3    ###....
d - Animate Dead          Necr           N/A          16%         4    ####...


Dungeon Overview and Level Annotations

Branches:
Dungeon (11/15)            Temple (1/1) D:4            Lair (0/6) D:10
    Orc (2/2) D:11            Elf (0/3) Orc:2

Altars:
Cheibriados
Fedhas
Hepliaklqana
Kikubaaqudgha
Ru
Vehumet
Wu Jian
Beogh

Shops:
D:8 (   Orc:1 *   Orc:2 *:%[

Portals:
Pandemonium: Orc:2

Annotations:
D:5 Duvessa
D:10 Harold


Innate Abilities, Weirdness & Mutations

You cannot be hasted, slowed, berserked, paralysed or teleported.
You can dig through walls and to a lower floor.
Your four strong arms can wield two-handed weapons with a shield.
You have a pair of large antennae on your head. (SInv)
Your life essence is reduced to manifest your ancestor. (-10% HP)
You are very weak. (Str -4)
Your movements are slightly less encumbered by armour. (ER -2)


Message History

Things that are here:
a plate armour; a dire flail
Things that are here:
a chain mail; a trident You see here a chain mail.
You see here a tomahawk.
Items here: )) [[ ÷ a chain mail; a trident; a ring mail; a dire flail an infernal demonspawn skeleton You see here a scimitar.
Things that are here:
a +2 robe; a dagger; an orc skeleton
Things that are here:
a battleaxe; a leather armour; an orc skeleton
Things that are here:
a leather armour; a short sword
Things that are here:
a chain mail; a halberd The ettin hits you with a dire flail!
The ettin hits you with a dire flail!!
You die...

#.....#### ##∩.∩###.o..
......#..# ##.....###...
.........# ##..#.#..###..
#........# ##.........###.
##......## ##...#.#.#...###
#......## ##[..........(.##
.......# ##[[#.#.....#.#))#
.......# ##)C##)...#....##)[
[..##### ### ##[@###{[.###![C###[
[...# ##.###.[###.[.##.##){.###
.[).## #..##.(###..)##...##[{.##
).(..#####....###...##.....##[{.#
..[...##.....###.C[##..#.#..##.{.
...)........###.#.##..#∩.∩#).##.#
#........)(###...##..##...##..##.
...........# ##.#.##.)##∩##..##C#
....[...#.## ##[..##..###..##...


You could see an ettin.

Vanquished Creatures
  2 orc high priests (Orc:2)
  Nergalle (Orc:1)
  3 orc knights (Orc:2)
  3 orc sorcerers (Orc:2)
  Psyche (D:8)
  2 trolls
  Prince Ribbit (D:7)
  2 hippogriffs
  A yak (D:10)
  A basilisk (D:10)
  An ice beast (D:10)
  15 orc warriors
  A sky beast (D:11)
  An ogre (D:9)
  A crocodile (D:10)
  3 bullfrogs
  4 scorpions
  3 killer bees (D:7)
  2 crimson imps
  2 howler monkeys (D:8)
  8 orc priests (Orc:2)
  A hound (D:4)
  A bullfrog skeleton (D:5)
  A centaur skeleton (D:4)
  7 orc wizards
  5 worker ants
  A gnoll (D:7)
  2 howler monkey skeletons
  11 adders
  An ooze (D:3)
  An adder zombie (D:5)
  A worm (D:3)
  A dart slug (D:1)
  3 leopard geckos
  37 orcs
  4 bats
  6 giant cockroaches
  2 goblins
  3 hobgoblins (D:3)
  12 jackals
  11 kobolds
  A quokka (D:3)
  3 ball pythons (Sewer)
  6 frilled lizards
  A quokka skeleton (D:5)
  2 rats
  2 plants (Sewer)
184 creatures vanquished.

Vanquished Creatures (collateral kills)
  Rupert (Orc:2)
  An ettin (Orc:2)
  A two-headed ogre (D:8)
  4 orc high priests (Orc:2)
  A gelid demonspawn (Orc:2)
  An orc knight (Orc:2)
  An ugly thing (D:11)
  3 orc sorcerers (Orc:2)
  The ghost of WhatIsLove the Covert, a novice SpAs of Cheibriados (D:6)
  An orange demon (Orc:2)
  A hippogriff (D:10)
  2 wargs (D:11)
  An ice beast (D:8)
  11 orc warriors
  4 ogres
  2 centaurs
  A big kobold (D:7)
  Dowan (D:5)
  3 killer bees (D:7)
  A howler monkey (D:7)
  2 crimson imps (D:9)
  A hound (D:10)
  8 orc priests
  3 orc wizards
  A worker ant (D:4)
  2 gnolls (D:7)
  An adder (D:7)
  2 shadow imps
  An adder skeleton (D:5)
  An adder zombie (D:8)
  A leopard gecko (D:3)
  10 orcs
  A giant cockroach (D:3)
  2 quokkas
  A quokka zombie (D:7)
  A rat (D:3)
80 creatures vanquished.

Vanquished Creatures (others)
  An infernal demonspawn (Orc:2)
  A hippogriff (D:10)
  An orc warrior (Orc:2)
  2 killer bees (D:7)
  13 battlemagi
  4 ancestors
  A river rat (D:3)
23 creatures vanquished.

Grand Total: 287 creatures vanquished

Notes
Turn   | Place    | Note
-------+----------+-------------------------------------------
     0 | D:1      | Lavandula the Formicid Artificer began the quest for the Orb.
     0 | D:1      | Reached XP level 1. HP: 15/15 MP: 3/3
    18 | D:1      | Reached XP level 2. HP: 21/21 MP: 4/4
    81 | D:3      | Noticed a crimson imp
    89 | D:3      | Reached skill level 1 in Axes
   142 | D:3      | Reached XP level 3. HP: 22/26 MP: 5/5
   243 | D:3      | Found a glowing drain.
   260 | D:3      | Reached skill level 2 in Axes
   356 | Sewer    | Entered a sewer
   431 | Sewer    | Reached XP level 4. HP: 27/32 MP: 6/6
   748 | Sewer    | Reached skill level 1 in Throwing
  1072 | D:3      | Reached skill level 3 in Axes
  1083 | D:3      | Reached XP level 5. HP: 18/37 MP: 7/7
  1666 | D:3      | HP: 1/37 [orc wizard/magic dart (10)]
  1669 | D:3      | Reached skill level 4 in Axes
  2125 | D:4      | Reached XP level 6. HP: 43/43 MP: 8/8
  2155 | D:4      | Found a staircase to the Ecumenical Temple.
  2188 | D:4      | Noticed a phantom
  2223 | Temple   | Entered the Ecumenical Temple
  2229 | Temple   | Became a worshipper of Hepliaklqana the Forgotten
  2256 | Temple   | Reached skill level 5 in Axes
  2331 | D:4      | Noticed an ogre
  2344 | D:4      | Killed an ogre
  2374 | D:4      | Reached skill level 6 in Axes
  2374 | D:4      | Reached XP level 7. HP: 43/43 MP: 9/9
  2488 | D:4      | Found an ancient bone altar of Kikubaaqudgha.
  2536 | D:5      | Entered Level 5 of the Dungeon
  2725 | D:5      | Reached skill level 7 in Axes
  2735 | D:5      | Reached * piety under Hepliaklqana
  2930 | D:5      | Reached XP level 8. HP: 33/48 MP: 10/10
  2951 | D:5      | Noticed Dowan
  2972 | D:5      | Killed Dowan
  2989 | D:5      | Noticed Duvessa
  2996 | D:5      | You fall through a shaft for 2 floors!
  2996 | D:7      | Noticed a hippogriff
  3062 | D:7      | Killed a hippogriff
  3216 | D:7      | Reached skill level 5 in Fighting
  3225 | D:7      | Found a flagged portal.
  3313 | Bailey   | Entered a bailey
  3313 | Bailey   | Noticed Nehle's ghost (novice MiBe)
  3537 | D:7      | Reached XP level 9. HP: 43/62 MP: 11/11
  3539 | D:7      | Noticed Prince Ribbit
  3541 | D:7      | Killed Prince Ribbit
  3627 | D:7      | Found an ornate altar of the Wu Jian Council.
  3647 | D:7      | Reached skill level 8 in Axes
  3864 | D:6      | Reached ** piety under Hepliaklqana
  3870 | D:6      | Remembered your ancestor Udjahorresnet as a battlemage
  3901 | D:6      | Noticed WhatIsLove's ghost (novice SpAs)
  3918 | D:6      | Killed WhatIsLove's ghost
  3918 | D:6      | Reached skill level 9 in Axes
  3997 | D:8      | Noticed a two-headed ogre
  4027 | D:8      | Killed a two-headed ogre
  4027 | D:8      | Reached skill level 10 in Axes
  4027 | D:8      | Reached XP level 10. HP: 60/68 MP: 12/12
  4051 | D:8      | Found Siofoki's Antique Weapon Shoppe.
  4073 | D:8      | Learned a level 3 spell: Regeneration
  4325 | D:8      | Bought a glowing battleaxe for 218 gold pieces
  4407 | D:8      | Noticed Psyche
  4414 | D:8      | Killed Psyche
  4448 | D:8      | Reached skill level 1 in Charms
  4526 | D:9      | Reached skill level 1 in Spellcasting
  4545 | D:10     | Entered Level 10 of the Dungeon
  4702 | D:10     | Reached *** piety under Hepliaklqana
  4759 | D:10     | Noticed Harold
  4759 | D:10     | Found a staircase to the Lair.
  4879 | D:10     | Reached skill level 11 in Axes
  5013 | D:11     | Noticed a brown ugly thing
  5018 | D:11     | Killed a brown ugly thing
  5021 | D:11     | Gained mutation: You are weak. (Str -2) [mutagenic meat]
  5023 | D:11     | Gained mutation: Your movements are slightly less encumbered by armour. (ER -2) [mutagenic meat]
  5030 | D:11     | Noticed a two-headed ogre
  5197 | D:11     | Reached XP level 11. HP: 72/72 MP: 16/18
  5240 | D:11     | Reached skill level 12 in Axes
  5251 | D:11     | Found a staircase to the Orcish Mines.
  5334 | Orc:1    | Entered Level 1 of the Orcish Mines
  5387 | Orc:2    | Entered Level 2 of the Orcish Mines
  5574 | Orc:1    | Found Kethrual's General Store.
  5582 | Orc:1    | Bought a book of Minor Magic for 300 gold pieces
  5582 | Orc:1    | Bought a potion of brilliance for 60 gold pieces
  5582 | Orc:1    | Bought a potion of lignification for 45 gold pieces
  5586 | Orc:1    | Learned a level 3 spell: Mephitic Cloud
  5590 | Orc:1    | Learned a level 3 spell: Conjure Flame
  5672 | Orc:2    | Learned a level 4 spell: Animate Dead
  5694 | Orc:2    | Found a roughly hewn altar of Beogh.
  5709 | Orc:1    | Noticed Nergalle
  5725 | Orc:1    | Killed Nergalle
  5828 | Orc:2    | Found a staircase to the Elven Halls.
  5845 | Orc:2    | Noticed an orc high priest
  5857 | Orc:2    | Noticed a sixfirhy
  5858 | Orc:2    | Killed an orc high priest
  5858 | Orc:2    | Reached skill level 13 in Axes
  5889 | Orc:2    | Noticed Rupert
  5891 | Orc:2    | Noticed an ettin
  5909 | Orc:2    | Killed Rupert
  6033 | Orc:2    | Killed an ettin
  6117 | Orc:2    | Reached skill level 14 in Axes
  6129 | Orc:2    | Reached XP level 12. HP: 76/79 MP: 12/19
  6134 | Orc:2    | Found Ysucsac's Food Emporium.
  6238 | Orc:2    | Found Zuelax's General Store.
  6250 | Orc:2    | Bought a potion of heal wounds for 80 gold pieces
  6250 | Orc:2    | Bought 2 potions of degeneration for 32 gold pieces
  6287 | Orc:2    | Noticed an orc high priest
  6288 | Orc:2    | Noticed an orc high priest
  6310 | Orc:2    | Killed an orc high priest
  6407 | Orc:2    | Noticed an orc high priest
  6433 | Orc:2    | Reached **** piety under Hepliaklqana
  6484 | Orc:2    | Bought a scroll of enchant weapon for 120 gold pieces
  6484 | Orc:2    | Bought a scroll of enchant weapon for 120 gold pieces
  6536 | Orc:2    | Killed an orc high priest
  6536 | Orc:2    | Reached skill level 15 in Axes
  6766 | Orc:2    | Killed an orc high priest
  6766 | Orc:2    | Reached skill level 5 in Necromancy
  6817 | Orc:2    | Noticed an orc high priest
  6910 | Orc:2    | Killed an orc high priest
  6933 | Orc:2    | Noticed an infernal demonspawn
  6933 | Orc:2    | Noticed a gelid demonspawn
  7047 | Orc:2    | Killed a gelid demonspawn
  7106 | Orc:2    | Noticed an orc high priest
  7129 | Orc:2    | Noticed a sixfirhy
  7142 | Orc:2    | Gained mutation: You are very weak. (Str -4) [a neqoxec]
  7245 | Orc:2    | Killed an orc high priest
  7245 | Orc:2    | Reached skill level 16 in Axes
  7320 | Orc:2    | Reached XP level 13. HP: 83/83 MP: 14/20
  7348 | Orc:2    | Found Badahoa's Book Boutique.
  7348 | Orc:2    | Found Jauqiupn's Antique Armour Shop.
  7349 | Orc:2    | Found a one-way gate leading to the halls of Pandemonium.
  7389 | Orc:2    | Noticed an ettin
  7414 | Orc:2    | Noticed an ettin
  7546 | Orc:2    | Slain by an ettin

Vault maps used:
D:1:      lightli_iron_boxes, minmay_tromino_i2
D:2:      cheibrodos_greedy_goblins, elyvilon_altar_3
D:3:      gup_sewer_entry_bubbles
D:4:      nicolae_overflow_hidden_temple, minmay_temple_entry_large_hall,
          serial_shops, shop, first_bread
D:5:      uniq_grinder, uniq_crazy_yiuf_cottage, uniq_duvessa
D:6:      basic_altar, uniq_sigmund
D:7:      enter_bailey_8, serial_corexii_hall, corexii_hall_statues_x,
          corexii_hall_statues_x, basic_altar, uniq_prince_ribbit1
D:8:      serial_shops, shop, uniq_psyche
D:10:     david_lair_generic, uniq_harold
D:11:     david_orc_1_choice, basic_altar, uniq_maurice
Temple:   regret_index_temple_chain_breaker
Orc:1:    serial_shops, shop_fountains, uniq_nergalle
Orc:2:    pf_orc_diabolical, basic_altar, uniq_rupert
Sewer:    sewer_co_scattered_pipes
Bailey:   bailey_polearm_gnolls_kennysheep, bailey

Skill      XL: |  1  2  3  4  5  6  7  8  9 10 11 12 |
---------------+-------------------------------------+-----
Axes           | 1 2 3 4 6 7 10 11 14 16 | 16.1
Throwing       | 1 |  1.6
Fighting       | 6 |  6.2
Dodging        | 3 4 |  4.3
Necromancy     | 3 5 |  5.0
Charms         | 2 3 |  3.3
Spellcasting   | 4 |  4.6
Conjurations   | 2 |  2.5
Short Blades   | |  1.8
Stealth        | |  1.2
Evocations     | |  3.4

Action                   |  1- 3 |  4- 6 |  7- 9 | 10-12 | 13-15 || total
-------------------------+-------+-------+-------+-------+-------++-------
Melee: Short sword       |    60 |     4 |       |       |       ||    64
       Hand axe          |       |   231 |       |       |       ||   231
       War axe           |       |    44 |   108 |    10 |       ||   162
       Battleaxe         |       |       |       |   208 |     1 ||   209
 Fire: Blowgun           |       |    41 |    44 |       |       ||    85
Throw: Tomahawk          |       |       |       |     2 |     3 ||     5
 Cast: Regeneration      |       |       |       |    61 |       ||    61
       Mephitic Cloud    |       |       |       |    28 |     5 ||    33
       Animate Dead      |       |       |       |     2 |       ||     2
Invok: Ancestor Life: Ba |       |       |     1 |       |       ||     1
       Recall Ancestor   |       |       |       |     3 |       ||     3
       Transference      |       |       |       |     1 |       ||     1
 Abil: Dig               |     4 |     7 |     7 |     2 |     1 ||    21
       Shaft Self        |       |       |     1 |       |       ||     1
Evoke: Wand              |    10 |     2 |    13 |    19 |     3 ||    47
  Use: Scroll            |       |     1 |     7 |    10 |       ||    18
       Potion            |       |     1 |     2 |     1 |       ||     4
 Stab: Sleeping          |       |     2 |       |       |       ||     2
       Distracted        |       |       |     3 |     8 |       ||    11
       Confused          |       |       |       |     8 |       ||     8
  Eat: Chunk             |       |     7 |     5 |    24 |     2 ||    38
       Royal jelly       |       |       |     1 |       |       ||     1
Armor: Leather armour    |    10 |    44 |       |       |       ||    54
       Ring mail         |       |    20 |    58 |    21 |     1 ||   100
Dodge: Dodged            |    45 |   195 |    87 |   106 |     1 ||   434
